 Dungeon Crawl Stone Soup version 0.31.0-4-g52a2dc7128 (webtiles) character file.

Game seed: 8715925245464678172

53 ProzacElf the Ducker (level 3, -3/31 HPs)
             Began as a Troll Enchanter on Jan 23, 2024.
             Was an Initiate of Ashenzari.
             Slain by an ogre
             ... wielding a +0 giant club
              (24 damage)
             ... on level 3 of the Dungeon.
             The game lasted 00:04:14 (1475 turns).

ProzacElf the Ducker (Troll Enchanter)              Turns: 1475, Time: 00:04:15

Health: -3/31      AC:  4    Str: 16    XL:     3   Next: 62%
Magic:  12/12      EV: 10    Int: 11    God:    Ashenzari [......]
Gold:   46         SH:  5    Dex: 12    Spells: 4/4 levels left

rFire   . .          .
                       - Unarmed
rCold   . . .        (no shield)
rNeg    . . .        a - +0 robe
rPois   .            (helmet restricted)
rElec   .            (no cloak)
rCorr   .            (gloves unavailable)
SInv    .            (boots unavailable)
Will    .....        o - amulet of the Restrained Augur {Reflect SH+5, Range, Dev} (curse)
Stlth   ++           p - ring of magical power
HPRegen 1.05/turn    (no ring)
MPRegen 0.13/turn

%: reflection
@: no status effects
A: large, unfitting armour, claws 3, regeneration 1, shaggy fur 1, tough skin 1
a: Renounce Religion, Curse Item, Shatter the Chains


You were on level 3 of the Dungeon.
You worshipped Ashenzari.
Ashenzari was noncommittal.
You visited 1 branch of the dungeon, and saw 3 of its levels.

You collected 74 gold pieces.
You spent 28 gold pieces at shops.

Inventory:

Hand Weapons
 b - a +1 dagger
 n - a +2 whip of pain
Missiles
 j - 7 boomerangs (quivered)
Armour
 a - a +0 robe (worn)
Jewellery
 o - the cursed amulet of the Restrained Augur (around neck) {Reflect SH+5, Range, Dev}
   (You found it on level 2 of the Dungeon)

   [amulet of reflection]

   Reflect:   It reflects blocked missile attacks.
   SH+5:      It affects your SH (+5).
   It has a curse which improves the following skills: Ranged Combat: Ranged
   Weapons and Throwing.
   Devices:   Evocations and Shapeshifting.
 p - a ring of magical power (left claw)
Scrolls
 e - 7 scrolls of identify
 g - a scroll of fog {unknown}
 i - a scroll of revelation {unknown}
 l - a scroll of fear {unknown}
 m - a scroll of immolation {unknown}
 q - a scroll of blinking {unknown}
 r - a scroll of enchant weapon {unknown}
 s - a scroll of teleportation {unknown}
Potions
 c - 2 potions of invisibility
 d - 3 potions of resistance {unknown}
 f - a potion of magic {unknown}
 h - 2 potions of heal wounds {unknown}
 k - 4 potions of curing {unknown}


   Skills:
 - Level 0.7 Short Blades
 + Level 2.5 Dodging
 - Level 1.5 Stealth
 + Level 2.2 Unarmed Combat
 - Level 1.2 Spellcasting
 - Level 2.0 Hexes


You had 4 spell levels left.
You didn't know any spells.
Your spell library contained the following spells:

 Spells                   Type           Power      Damage    Failure   Level
 Ensorcelled Hibernation  Hex/Ice        4%         N/A       32%         2
 Confusing Touch          Hex            5%         N/A       38%         3
 Tukima's Dance           Hex            5%         N/A       38%         3
 Scorch                   Fire           0%         2d5       43%         2
 Dazzling Flash           Conj/Hex       4%         N/A       54%         3
 Flame Wave               Conj/Fire      0%         2d4       97%         4
 Summon Cactus Giant      Summ           0%         N/A       100%        6


Dungeon Overview and Level Annotations

Branches:
Dungeon (3/15)

Altars:
Ashenzari

Shops:
D:1 ?


Innate Abilities, Weirdness & Mutations

You are too large for most types of armour.
You have claws for hands.
Your natural rate of healing is unusually fast.
You are covered in fur. (AC +1)
You have tough skin. (AC +1)


Message History

k - 3 gold'n potions (gain'd 1)
A bat comes inta view.
Found a gold'n potion.
Tha bat hits ye but does nay damage.
Ye closely miss tha bat.
Ye claw tha bat.
Ye kill tha bat!
Nay target in view!
Ye see 'ere a +0 leathar armour.
k - 4 gold'n potions (gain'd 1)
Found an 'scape hatch in tha ceilin'.
Found a dagger.
Ye see 'ere a +0 dagger.
Found a stone staircase leadin' down.
Found a buckler.
A rat comes inta view.
Tha rat squeaks loudly.
An ogre comes inta view.
It be wieldin' a +0 giant club.
Tha ogre shouts!
Ye claw tha rat!
Ye kill tha rat!
Found a leathar armour.
Tha ogre hits ye wit' a +0 giant club!
Ye take 15 damage, an' haf 16/31 hp.
MASSIVE DAMAGE!!
Ye scratch tha ogre.
Tha ogre be lightly wounded.
Ye closely miss tha ogre.
Tha ogre be lightly wounded.
Tha ogre barely misses ye.
Ye barely miss tha ogre.
Tha ogre be lightly wounded.
Tha ogre closely misses ye.
Ye scratch tha ogre.
Tha ogre be moderately wounded.
Ye claw tha ogre!
Tha ogre be heavily wounded.
Tha ogre barely misses ye.
Ye scratch tha ogre.
Tha ogre be severely wounded.
Tha ogre hits ye wit' a +0 giant club!!
Ouch! Tha re'lly hurt!
Ye die...

##.#######
#......#
..........
#......#
..#######.
#......#
........#
#######....#
..#####.#
#.......#### ..#
.### #.....#.#
..# .....
#.....#.# ..#
......#.....#.#
..#
......O@....#.#
###
......#...†##.#
....[..........
[.....#....##...
......###### ##
#####


You could see an ogre.

Vanquished Creatures
  2 dart slugs (D:1)
  5 bats
  5 endoplasms
  2 giant cockroaches
  A goblin (D:2)
  4 hobgoblins
  4 jackals (D:1)
  3 quokkas
  2 ball pythons
  4 frilled lizards
  4 kobolds
  9 rats
45 creatures vanquished.

Notes
Turn   | Place    | Note
-------+----------+-------------------------------------------
     0 | D:1      | ProzacElf the Troll Enchanter began the quest for the Orb.
     0 | D:1      | Reached XP level 1. HP: 16/16 MP: 1/1
    62 | D:1      | You fall into a shaft and drop 1 floor!
   234 | D:2      | Reached skill level 1 in Unarmed Combat
   247 | D:1      | Found a faded altar of an unknown god.
   252 | D:1      | Reached XP level 2. HP: 24/24 MP: 2/2
   329 | D:1      | Prayed at the altar of an unknown god.
   329 | D:1      | Became a worshipper of Ashenzari the Shackled
   377 | D:1      | Reached XP level 3. HP: 22/31 MP: 3/3
   516 | D:1      | Found Kexu's Magic Scroll Emporium.
   523 | D:1      | Bought a scroll of identify for 28 gold pieces
  1465 | D:3      | Noticed an ogre
  1475 | D:3      | Slain by an ogre

Illustrated notes

Levels and vault maps discovered:
D:1:      dpeg_arrival_simpleton_c, layout_basic,
          hellmonk_ecumenical_altar_run_dry, serial_shops, shop, minmay_tall_x
D:2:      layout_loops_ring
D:3:      layout_basic

Skill      XL: |  1  2  3 |
---------------+----------+-----
Unarmed Combat | 1 2 |  2.2
Dodging        | 2 |  2.5
Short Blades   | |  0.7
Stealth        | |  1.5
Spellcasting   | |  1.2
Hexes          | |  2.0

Action                     || total
---------------------------++-------
  Melee: Unarmed           ||   136
         Punch             ||     2
 Invoke: Curse Item        ||     1
   Stab: Sleeping          ||     4
         Distracted        ||     1
 Armour: Robe              ||   108
  Dodge: Dodged            ||    80
  Block: Other             ||     2

Action                     || total
---------------------------++-------
  Melee: Unarmed           ||   136
         Punch             ||     2
 Invoke: Curse Item        ||     1
   Stab: Sleeping          ||     4
         Distracted        ||     1
 Armour: Robe              ||   108
  Dodge: Dodged            ||    80
  Block: Other             ||     2

Levels and vault maps discovered:
D:1:      dpeg_arrival_simpleton_c, layout_basic,
          hellmonk_ecumenical_altar_run_dry, serial_shops, shop, minmay_tall_x
D:2:      layout_loops_ring
D:3:      layout_basic
